 Dungeon Crawl Stone Soup version 0.29.1-1-gd02db6906a (webtiles) character file.

Game seed: 11023902713723574615

112 vvl the Trooper (level 4, -1/35 HPs)
             Began as a Demonspawn Fighter on Sept 23, 2022.
             Slain by Pikel
             ... wielding a +2 whip of flaming
              (2 damage)
             ... on level 4 of the Dungeon.
             The game lasted 00:02:56 (2813 turns).

vvl the Trooper (Demonspawn Fighter)                Turns: 2813, Time: 00:02:57

Health: -1/35      AC:  6    Str: 17    XL:     4   Next: 64%
Magic:  5/5        EV: 10    Int: 11    God:
Gold:   190        SH:  4    Dex: 12    Spells: 5/5 levels left

rFire   . . .      SeeInvis .   a - +0 war axe
rCold   . . .      Faith    .   c - +0 buckler
rNeg    . . .      Spirit   .   l - +0 ring mail
rPois   .          Reflect  .   (no helmet)
rElec   .          Harm     .   p - +0 cloak
rCorr   .          Rampage  .   (no gloves)
Will    .....                   (no boots)
Stlth   +.........              (no amulet)
HPRegen 0.11/turn               (no ring)
MPRegen 0.09/turn               (no ring)

@: mighty
A: hooves 1
a: no special abilities


You were on level 4 of the Dungeon.
You visited 1 branch of the dungeon, and saw 4 of its levels.

You collected 190 gold pieces.

Inventory:

Hand Weapons
 a - a +0 war axe (weapon)
Armour
 c - a +0 buckler (worn)
 l - a +0 ring mail (worn)
 p - a +0 cloak (worn)
Wands
 s - a wand of iceblast (7)
Scrolls
 f - 5 scrolls of teleportation {unknown}
 g - a scroll of torment {unknown}
 h - a scroll of fog {unknown}
 i - a scroll of vulnerability {unknown}
 j - 2 scrolls of identify {unknown}
 k - a scroll of noise {unknown}
 n - a scroll of fear {unknown}
 o - a scroll of immolation {unknown}
 q - a scroll of summoning {unknown}
Potions
 b - 2 potions of curing
 e - a potion of attraction {unknown}
 m - 3 potions of brilliance {unknown}
 r - 2 potions of haste {unknown}


   Skills:
 + Level 3.5 Fighting
 + Level 2.3 Axes
 + Level 3.1 Armour
 + Level 3.1 Shields
 + Level 1.3 Spellcasting
 + Level 1.5 Conjurations


You had 5 spell levels left.
You didn't know any spells.
Your spell library was empty.

Dungeon Overview and Level Annotations

Branches:
Dungeon (4/15)
 Temple: D:4-7

Altars:
Dithmenos
Okawaru
Sif Muna

Annotations:
D:4 Pikel


Innate Abilities, Weirdness & Mutations

You have large cloven feet.


Message History

Pikel burns you. Pikel completely misses you.
You hit Pikel but do no damage. You kick Pikel.
Pikel is lightly wounded.
Pikel hits you with a +2 whip of flaming.
Pikel burns you.
You barely miss Pikel.
Pikel is lightly wounded.
You block Pikel's attack. Pikel barely misses you.
You feel very mighty all of a sudden. Pikel barely misses you.
You closely miss Pikel. Your kick misses Pikel.
Pikel is lightly wounded.
Pikel closely misses you.
You slash Pikel!
Pikel is moderately wounded.
Pikel hits you with a +2 whip of flaming.
Pikel burns you. You block Pikel's attack.
You hit Pikel.
Pikel is heavily wounded.
Pikel hits you with a +2 whip of flaming.
Pikel burns you.
You slash Pikel!
Pikel is severely wounded.
Pikel hits you with a +2 whip of flaming.
* * * LOW HITPOINT WARNING * * *
Pikel burns you.
* * * LOW HITPOINT WARNING * * *
You hit Pikel. Your kick misses Pikel.
Pikel is almost dead.
Pikel hits you with a +2 whip of flaming.
* * * LOW HITPOINT WARNING * * *
Pikel burns you.
* * * LOW HITPOINT WARNING * * *
Pikel closely misses you.
You hit Pikel. Your kick misses Pikel.
Pikel is almost dead.
Pikel hits you with a +2 whip of flaming.
* * * LOW HITPOINT WARNING * * *
Pikel burns you.
You die...

####.#.####.#.######
#.........#.#....<..
#.≈≈≈≈≈≈≈.[.#####.##
#...................
#.≈.≈≈≈.≈.##########
#.≈.....≈...........
#!≈^._..≈.##########
#####.≈.....≈.#
.....5≈@≈≈≈†≈.#
....J5K.......#
....l5≈≈≈≈≈≈≈..#
.....5.........#
......#####.#....
<..... #...#..
...... ........
...... .#


You could see Pikel, 4 lemures, an iguana and an endoplasm.

Vanquished Creatures
  3 gnolls (D:2)
  3 adders
  A dart slug (D:1)
  4 endoplasms (D:2)
  13 giant cockroaches
  2 goblins
  5 hobgoblins
  4 jackals (D:3)
  2 kobolds
  2 quokkas
  3 ball pythons
  2 bats
  A frilled lizard (D:2)
  4 rats
49 creatures vanquished.

Vanquished Creatures (others)
  A plant (D:2)
1 creature vanquished.

Grand Total: 50 creatures vanquished

Notes
Turn   | Place    | Note
-------+----------+-------------------------------------------
     0 | D:1      | vvl the Demonspawn Fighter began the quest for the Orb.
     0 | D:1      | Reached XP level 1. HP: 18/18 MP: 1/1
   246 | D:1      | Found a faded altar of an unknown god.
   692 | D:1      | Gained mutation: You have large cloven feet. [demonic
                  | ancestry]
   692 | D:1      | Reached XP level 2. HP: 24/24 MP: 2/2
  1376 | D:2      | Reached XP level 3. HP: 27/29 MP: 3/3
  1676 | D:2      | Reached skill level 1 in Conjurations
  2110 | D:2      | Reached XP level 4. HP: 32/35 MP: 5/5
  2121 | D:2      | Reached skill level 1 in Spellcasting
  2216 | D:3      | Found a shadowy altar of Dithmenos.
  2249 | D:3      | Found an iron altar of Okawaru.
  2787 | D:4      | Found a shimmering blue altar of Sif Muna.
  2799 | D:4      | Noticed Pikel
  2800 | D:4      | Noticed a lemure
  2801 | D:4      | Noticed a lemure
  2802 | D:4      | Noticed a lemure
  2802 | D:4      | Noticed a lemure
  2813 | D:4      | HP: 1/35 [Pikel/+2 whip of flaming (5)]
  2813 | D:4      | Slain by Pikel

Illustrated notes

Levels and vault maps discovered:
D:1:      dpeg_arrival_court, layout_loops_corners, basic_ecumenical_altar
D:2:      minmay_roachtagon, layout_basic, kennysheep_boxes
D:3:      layout_loops_ring, okawaru_ov_weapons_minmay, grunt_dithmenos_smoke
D:4:      layout_basic, mainiacjoe_overflow_cross_hatched,
          cheibrodos_ashenzari_chains, temple_doors_e, chequers_jeans,
          mrwooster_statue_mirror, uniq_pikel, uniq_sigmund

Skill      XL: |  1  2  3  4 |
---------------+-------------+-----
Axes           | 2 |  2.3
Conjurations   | 1 |  1.5
Armour         | 3 |  3.1
Shields        | 3 |  3.1
Spellcasting   | 1 |  1.3
Fighting       | |  3.5

Action                   |  1- 3 |  4- 6 || total
-------------------------+-------+-------++-------
Melee: War axe           |    86 |    54 ||   140
       Kick              |    12 |    13 ||    25
  Use: Potion            |     1 |     1 ||     2
Armor: Scale mail        |    17 |       ||    17
       Ring mail         |    24 |    29 ||    53
Dodge: Dodged            |    28 |    41 ||    69
Block: Buckler           |    22 |    12 ||    34
